 Dungeon Crawl Stone Soup version 0.28-a0-769-g550dbda0cd (webtiles) character file.

Game seed: 4092804855433294849

635 KoroneIsBestGirl the Ducker (level 7, -4/49 HPs)
             Began as an Octopode Fighter on Oct 31, 2021.
             Was an Initiate of Gozag.
             Slain by an ice beast (13 damage)
             ... on level 5 of the Dungeon.
             The game lasted 00:05:34 (3186 turns).

KoroneIsBestGirl the Ducker (Octopode Fighter)      Turns: 3186, Time: 00:05:36

Health: -4/49      AC:  1    Str: 18    XL:     7   Next: 50%
Magic:  7/7        EV: 14    Int: 16    God:    Gozag
Gold:   138        SH:  5    Dex: 11    Spells: 6/6 levels left

rFire   . . .      SeeInvis .   a - +0 trident
rCold   . . .      Faith    .   b - +0 buckler
rNeg    . . .      Spirit   .   (helmet restricted)
rPois   .          Reflect  .   e - amulet of regeneration
rElec   .          Harm     .   j - +6 ring of intelligence
rCorr   .          Rampage  .   (no ring)
Will    .....                   (no ring)
Stlth   ++........              (no ring)
HPRegen 1.16/turn               (no ring)
MPRegen 0.10/turn               (no ring)
                                (no ring)
                                (no ring)

@: no status effects
A: almost no armour, amphibious, 8 rings, camouflage 1, gelatinous body 1,
(nimble swimmer 1), tentacles
a: Renounce Religion, Potion Petition, Call Merchant, Bribe Branch


You were on level 5 of the Dungeon.
You worshipped Gozag.
Gozag was aware of your devotion.
You visited 2 branches of the dungeon, and saw 6 of its levels.

You collected 187 gold pieces.
You paid 49 gold pieces to Gozag.

Inventory:

Hand Weapons
 a - a +0 trident (weapon)
 m - a +0 trident
Armour
 b - a +0 buckler (worn)
Jewellery
 e - an amulet of regeneration (around mantle)
 j - a +6 ring of intelligence (left tentacle)
 p - an amulet of magic regeneration
Scrolls
 d - a scroll of enchant weapon
 h - 2 scrolls of teleportation
 i - a scroll of amnesia
 k - a scroll of silence {unknown}
 l - a scroll of torment
Potions
 c - a potion of might
 f - a potion of resistance {unknown}
 g - 2 potions of curing {unknown}
 n - a potion of heal wounds {unknown}
 o - 2 potions of haste {unknown}
 q - a potion of lignification {unknown}


   Skills:
 + Level 4.9 Fighting
 + Level 4.3 Polearms
 + Level 4.9 Dodging
 + Level 4.9 Shields


You had 6 spell levels left.
You didn't know any spells.
Your spell library contained the following spells:

 Spells                   Type           Power      Damage    Failure   Level
 Summon Small Mammal      Summ           0%         N/A       26%         1
 Corpse Rot               Necr/Air       0%         N/A       36%         2
 Poisonous Vapours        Pois/Air       0%         N/A       36%         2
 Call Canine Familiar     Summ           0%         N/A       58%         3
 Summon Guardian Golem    Hex/Summ       0%         N/A       58%         3


Dungeon Overview and Level Annotations

Branches:
Dungeon (5/15)             Temple (1/1) D:5

Altars:
Ashenzari
Cheibriados
Dithmenos
Elyvilon
Fedhas
Gozag
Hepliaklqana
Nemelex Xobeh
Qazlal
Ru
Sif Muna
Uskayaw
Vehumet
Xom
Yredelemnul
The Shining One

Shops:
D:4 [*(:[

Annotations:
D:5 1 runed translucent door


Innate Abilities, Weirdness & Mutations

You cannot wear most types of armour.
You are amphibious.
You can wear up to eight rings at the same time.
Your skin changes colour to match your surroundings (Stealth+).
Your rubbery body absorbs attacks. (AC +1, EV +1)
((You are camouflaged near water. (Stealth+)))
You have tentacles for arms and can constrict up to eight enemies at once.


Message History

The ice beast misses you.
You closely miss the ice beast.
The ice beast is moderately wounded.
The ice beast barely misses you.
You barely miss the ice beast.
The ice beast is moderately wounded.
The ice beast barely misses you.
You hit the ice beast but do no damage. You squeeze the ice beast.
The ice beast is heavily wounded.
The ice beast closely misses you.
You barely miss the ice beast.
The ice beast is heavily wounded.
The ice beast misses you.
You barely miss the ice beast. Your squeeze misses the ice beast.
The ice beast is heavily wounded.
The ice beast closely misses you.
You hit the ice beast but do no damage. Your squeeze misses the ice beast.
The ice beast is heavily wounded.
The ice beast hits you. The ice beast freezes you!
You puncture the ice beast!
The ice beast is severely wounded.
The ice beast barely misses you.
You hit the ice beast but do no damage.
The ice beast is severely wounded.
The ice beast hits you. The ice beast freezes you.
You are too injured to fight recklessly!
You are too injured to fight recklessly!
You are too injured to fight recklessly!
You are too injured to fight recklessly!
You hit the ice beast but do no damage.
The ice beast is severely wounded.
The ice beast hits you. The ice beast freezes you!
* * * LOW HITPOINT WARNING * * *
You hit the ice beast but do no damage. You squeeze the ice beast.
The ice beast is almost dead.
The ice beast hits you.
* * * LOW HITPOINT WARNING * * *
The ice beast freezes you!
You die...
Your body crumbles into a pile of gold.

#.........>..#.............
##########.......#.........
....J# ####..............
.......#######.#.#..........
.................##.........
).........##.....##........(
........# ###..............
........#####...............
........#.Y@...........)....
..........###.........<..(..
>.......### #......##<....##
.....(##..# ..##...########
..... .......#.### ....
.........# ... ........ ..
.>.....# ( ....S..


You could see an ice beast.

Vanquished Creatures
  2 scorpions
  A water moccasin skeleton (D:4)
  A howler monkey (D:5)
  A jelly (D:5)
  A gnoll shaman (D:4)
  3 orc priests
  Natasha (thrice) (D:2)
  An orc wizard (D:3)
  2 adders (D:2)
  3 gnolls (D:4)
  A white imp (D:5)
  An ufetubus (D:5)
  An adder skeleton (D:4)
  A dart slug (D:2)
  10 orcs
  7 ball pythons
  7 endoplasms
  5 giant cockroaches
  15 goblins
  10 hobgoblins
  10 jackals
  9 kobolds
  4 bats
  4 frilled lizards (D:1)
  A quokka skeleton (D:4)
  3 rats
107 creatures vanquished.

Notes
Turn   | Place    | Note
-------+----------+-------------------------------------------
     0 | D:1      | KoroneIsBestGirl the Octopode Fighter began the quest for
                  | the Orb.
     0 | D:1      | Reached XP level 1. HP: 16/16 MP: 1/1
   229 | D:1      | Reached XP level 2. HP: 21/21 MP: 2/2
   632 | D:1      | Reached XP level 3. HP: 24/26 MP: 3/3
  1311 | D:2      | Noticed Natasha
  1318 | D:2      | Killed Natasha
  1319 | D:2      | Reached XP level 4. HP: 14/31 MP: 4/4
  1431 | D:2      | Found a faded altar of an unknown god.
  1475 | D:2      | Noticed Natasha
  1486 | D:2      | Killed Natasha
  1487 | D:2      | Reached XP level 5. HP: 32/37 MP: 5/5
  1566 | D:2      | Noticed Natasha
  1577 | D:2      | Killed Natasha
  1917 | D:3      | Reached XP level 6. HP: 32/43 MP: 6/6
  2434 | D:4      | Found Noyt's Book Shop.
  2526 | D:4      | Found Hojoor's Antique Armour Emporium.
  2576 | D:4      | Found Qoefuale's General Store.
  2636 | D:4      | Found Sedwoika's Weapon Boutique.
  2749 | D:4      | Found Fyerifoe's Antique Armour Boutique.
  2752 | D:4      | Reached XP level 7. HP: 49/49 MP: 7/7
  2949 | D:5      | Entered Level 5 of the Dungeon
  3001 | D:5      | Found a runed translucent door.
  3031 | D:5      | Found a staircase to the Ecumenical Temple.
  3038 | Temple   | Entered the Ecumenical Temple
  3063 | Temple   | Became a worshipper of Gozag Ym Sagoz the Greedy
  3186 | D:5      | Slain by an ice beast

Illustrated notes

Levels and vault maps discovered:
D:1:      dpeg_arrival_boxes_within_box, layout_basic
D:2:      layout_basic, hellmonk_ecumenical_altar_arch_garden, uniq_natasha
D:3:      layout_loops_cross
D:4:      layout_rooms, serial_shops, nicolae_square_shop,
          nicolae_shop_statue_plus, nicolae_shop_crystal,
          nicolae_shop_statue_plus, nicolae_shop_behind_doors
D:5:      layout_rooms, minmay_temple_entry_waves, ebering_ghost_sewer_d,
          st_stairs_5, corexii_hall_statues_deadend
Temple:   grunt_wide_crystal_templ

Skill      XL: |  1  2  3  4  5  6 |
---------------+-------------------+-----
Polearms       | 3 4 |  4.3
Fighting       | 4 |  4.9
Dodging        | 4 |  4.9
Shields        | 4 |  4.9

Action                   |  1- 3 |  4- 6 |  7- 9 || total
-------------------------+-------+-------+-------++-------
Melee: Trident           |    86 |   150 |    38 ||   274
       Constrict         |    18 |    32 |     3 ||    53
       Tentacles         |     5 |    20 |     6 ||    31
  Use: Scroll            |       |       |     4 ||     4
 Stab: Sleeping          |     4 |    10 |       ||    14
       Distracted        |       |     1 |       ||     1
Armor: Skin              |     1 |     4 |     1 ||     6
Dodge: Dodged            |    30 |    85 |    23 ||   138
Block: Buckler           |    12 |    31 |     5 ||    48

Table legend: (Time is in decaauts)
 A = Elapsed time spent in this place.
 B = Non-inter-level travel time spent in this place.
 C = Inter-level travel time spent in this place.
 D = Time resting spent in this place.
 E = Time spent auto-exploring this place.
 F = Levels seen in this place.
 G = Mean time per level.
                   A        B        C        D        E       F      G
               +--------+--------+--------+--------+--------+-----+--------+
         Total |   3234 |   3058 |    176 |      0 |   2276 |   6 |  539.0 |
       Dungeon |   3195 |   3036 |    159 |      0 |   2265 |   5 |  639.0 |
        Temple |     38 |     21 |     17 |      0 |     11 |   1 |   38.0 |
               +--------+--------+--------+--------+--------+-----+--------+

Top non-repeatable levels by time:
     D:1: 921 daAuts
     D:2: 745 daAuts
     D:3: 677 daAuts
     D:4: 651 daAuts
     D:5: 200 daAuts
  Temple: 38 daAuts
